[Event "LM 2019"]
[Site "Linköping, Sweden"]
[Date "2019.02.05"]
[Round "3.1"]
[White "Garner, Mårten"]
[Black "Janse, Love"]
[Result "0-1"]
[TimeControl "90 min + 30 sec/move"]
[WhiteElo "1907"]
[BlackElo "2187"]

1. d4 f5 2. Bg5 h6 3. Bh4 g5 4. e3 Nf6 5. Bg3 d6 6. h4 g4 7. Bd3 Nc6 8. c3 e6 9. Ne2 Nh5 10.
Nd2 Qf6 11. Qc2 e5 12. f3 Rg8 13. Nf1 Be6 14. d5 Bxd5 15. Bxf5 gxf3 16. gxf3 Bxf3 17. Rg1 Ne7 18. Bh3 Nxg3 19.
Rxg3 Qxh4 20. Be6 Rg7 21. O-O-O Bxe2 22. Rxg7 Bxd1 23. Rxe7+ Kxe7 24. Qg6 Qf6 0-1

[Event "LM 2019"]
[Site "Linköping, Sweden"]
[Date "2019.02.05"]
[Round "3.2"]
[White "Halvarsson, Peter"]
[Black "Olsson, Simon"]
[Result "0-1"]
[TimeControl "90 min + 30 sec/move"]
[WhiteElo "1905"]
[BlackElo "2128"]

1. e4 c6 2. d4 d5 3. Nd2 dxe4 4. Nxe4 Nd7 5. Bc4 e6 6. Qe2 Ngf6 7. Ng5 Nb6 8. Bb3 h6 9. N5f3 c5 10.
c3 Qc7 11. Bd2 Bd6 12. Ne5 Bd7 13. Ngf3 Rd8 14. Rc1 Bc6 15. Nxc6 Qxc6 16. O-O O-O 17. Rfe1 Nbd5 18. Ne5 Qc7 19.
Bc2 cxd4 20. cxd4 Qb6 21. Bc3 Rc8 22. Bb1 Rfd8 23. h3 Bb4 24. Qf3 Qa5 25. Bxb4 Qxb4 26. Qe2 Rxc1 27. Rxc1 Qxd4 28.
Nf3 Qb6 29. a3 Ne7 30. Qe5 Nc6 31. Qe2 Qa5 32. Qe3 Qd5 33. Kh2 Qd6+ 34. g3 e5 35. Ba2 e4 36. Nh4 Qd2 37. Nf5 Qxe3 38.
Nxe3 Rd2 39. Rc2 Rxc2 40. Nxc2 Kf8 41. Ne3 g6 42. Kg2 Ke7 43. g4 b6 44. Nd5+ Nxd5 45. Bxd5 Ne5 46. b3 f5 47. Kg3 Nd3 48.
gxf5 gxf5 49. Bc4 Kf6 50. f4 Nc5 51. Kf2 Ne6 52. Ke3 Ke7 53. b4 Kd6 54. Bb3 Nc7 55. Bc4 Nd5+ 56. Kd4 Nxf4 57.
h4 Ne6+ 58. Ke3 Ke5 59. h5 f4+ 60. Kf2 Nd4 61. a4 e3+ 62. Kg2 Kf5 63. a5 bxa5 64. bxa5 Kg4 65. Bf7 f3+ 66. Kg1 Kg3 0-1

[Event "LM 2019"]
[Site "Linköping, Sweden"]
[Date "2019.02.05"]
[Round "3.3"]
[White "Carlsson, Ingvar"]
[Black "Nguyen, Gabriel"]
[Result "0-1"]
[TimeControl "90 min + 30 sec/move"]
[WhiteElo "2115"]
[BlackElo "2034"]

1. e4 c5 2. Nc3 Nc6 3. g3 g6 4. Bg2 Bg7 5. d3 d6 6. f4 e5 7. Nf3 Nge7 8. O-O O-O 9. h3 Be6 10.
Kh2 h6 11. Be3 Kh7 12. Qd2 Nd4 13. Nd1 Nxf3+ 14. Bxf3 Qd7 15. Bg2 Rac8 16. c4 a6 17. Nc3 f5 18. Nd5 exf4 19. Rxf4 g5 20.
Rf3 fxe4 21. Rxf8 Rxf8 22. Bxe4+ Bf5 23. Bxf5+ Nxf5 24. Rf1 Nxe3 25. Rxf8 Nxd5 26. Rf1 Ne7 27. Qe2 Nc6 28. Qe4+ Kh8 29.
Qd5 Ne5 30. d4 cxd4 31. b4 Qc6 32. Qxc6 bxc6 33. c5 dxc5 34. bxc5 d3 35. Kg2 Nc4 36. Rb1 Bd4 37. Rb8+ Kg7 38.
Rd8 Ne3+ 39. Kf2 d2 40. Rxd4 d1=Q 0-1

[Event "LM 2019"]
[Site "Linköping, Sweden"]
[Date "2019.02.05"]
[Round "3.4"]
[White "Nörager, Mattias"]
[Black "Uvhagen, Lennart"]
[Result "1/2-1/2"]
[TimeControl "90 min + 30 sec/move"]
[WhiteElo "1764"]
[BlackElo "1862"]

1. f4 b5 2. a4 b4 3. Nf3 Nf6 4. e3 Bb7 5. c4 e6 6. Be2 c5 7. O-O Be7 8. d3 d5 9. Nbd2 Nc6 10.
Nb3 dxc4 11. dxc4 O-O 12. Qc2 Qc7 13. Bd2 Rfd8 14. Be1 e5 15. Bg3 exf4 16. Bxf4 Bd6 17. Bxd6 Qxd6 18. Qf5 Re8 19.
Qxc5 Qe6 20. Rae1 Qxe3+ 21. Qxe3 Rxe3 22. Nc5 Rae8 23. Bd1 Bc8 1/2-1/2

[Event "LM 2019"]
[Site "Linköping, Sweden"]
[Date "2019.02.05"]
[Round "3.5"]
[White "Arvidsson, Erik"]
[Black "Sahlström, Alex"]
[Result "1-0"]
[TimeControl "90 min + 30 sec/move"]
[WhiteElo "1903"]
[BlackElo "1660"]

1. b3 d5 2. Bb2 Bg4 3. Nf3 Bxf3 4. exf3 Nf6 5. Nc3 g6 6. f4 e6 7. Qf3 Bg7 8. O-O-O O-O 9. g4 c5 10.
Ne2 Qa5 11. Kb1 Ne4 12. Bxg7 Kxg7 13. Nc3 Nxc3+ 14. Qxc3+ Qxc3 15. dxc3 Nc6 16. Be2 Rab8 17. h4 b5 18. Rh3 c4 19.
h5 a5 20. Rdh1 Kf6 21. hxg6 hxg6 22. Bf3 b4 23. Kb2 Rfc8 24. Bg2 bxc3+ 25. Rxc3 cxb3 26. cxb3 Nb4 27. Rhc1 Rxc3 28. Rxc3 Rb5 29.
Bf1 Rb6 30. Rc5 a4 31. a3 Nd3+ 32. Bxd3 Rxb3+ 33. Kc2 Rxa3 34. Kd2 Ra2+ 35. Bc2 Ra3 36. Bd3 Ra2+ 37. Ke3 d4+ 38. Kf3 a3 39.
Ra5 Ra1 40. Ke4 Ra2 41. f3 Kg7 42. Kxd4 f5 43. g5 Rf2 44. Ke3 Ra2 45. Bc4 Ra1 46. Kd4 Rd1+ 47. Kc5 Ra1 48. Ra7+ 1-0

[Event "LM 2019"]
[Site "Linköping, Sweden"]
[Date "2019.02.05"]
[Round "3.6"]
[White "Stefanovic, Dragan"]
[Black "Namvar, Daniel"]
[Result "1-0"]
[TimeControl "90 min + 30 sec/move"]
[WhiteElo "1812"]
[BlackElo "1496"]

1. e4 c5 2. c3 g6 3. f4 d5 4. e5 Bg7 5. d4 cxd4 6. cxd4 Nc6 7. h3 Nh6 8. Nf3 f6 9. Nc3 fxe5 10.
fxe5 Nf5 11. g4 Ng3 12. Rg1 Nxf1 13. Rxf1 O-O 14. Qb3 Rxf3 15. Rxf3 Nxd4 16. Qd1 Nxf3+ 17. Qxf3 Be6 18. Bf4 Qa5 19.
O-O-O Rc8 20. Kb1 Rf8 21. Qe3 b5 22. Nxd5 b4 23. Nxe7+ Kh8 24. b3 g5 25. Bg3 Rd8 26. Rc1 Bd5 27.
Nf5 h6 28. Nxg7 Kxg7 29. e6 1-0

[Event "LM 2019"]
[Site "Linköping, Sweden"]
[Date "2019.02.05"]
[Round "3.8"]
[White "Ingemansson, Björn"]
[Black "Jakobsson, Leif"]
[Result "1-0"]
[TimeControl "90 min + 30 sec/move"]
[WhiteElo "1671"]
[BlackElo "1582"]

1. d4 Nf6 2. c4 e6 3. Nc3 c5 4. d5 d6 5. e4 exd5 6. cxd5 Be7 7. Nf3 b6 8. Bd3 O-O 9. h3 Ba6 10.
Bf4 c4 11. Be2 Nbd7 12. b4 Nh5 13. Bh2 Bf6 14. Nd4 g6 15. Bxd6 Re8 16. O-O Ne5 17. Bxe5 Bxe5 18. b5 Qf6 19.
Nc6 Bxc3 20. bxa6 Bxa1 21. Qxa1 Qxa1 22. Rxa1 Rxe4 23. Bf3 Ree8 24. d6 Nf6 25. Ne7+ Rxe7 26. dxe7 Re8 27. Re1 Rc8 28.
Bb7 Re8 29. Bc6 Rc8 30. e8=Q+ Nxe8 31. Rxe8+ Rxe8 32. Bxe8 c3 33. Ba4 b5 34. Bb3 b4 35. Kf1 Kf8 36. Ke2 Ke7 37. Kd3 f5 38.
f4 Kf6 39. h4 h6 40. Kc4 g5 41. hxg5+ hxg5 42. fxg5+ Kxg5 43. Kxb4 Kg4 44. Kxc3 f4 45. Bd5 1-0